[Event "Late-Titled-Tuesday-Blitz-February-06-2024"]
[Site "Chess.com"]
[Date "2024.02.06"]
[Round "7"]
[White "katharinareinecke"]
[Black "yuriydovzik"]
[Result "0-1"]
[WhiteElo "1971"]
[BlackElo "2205"]
[TimeControl "180+1"]
[EndTime "15:17:32 PST"]
[Termination "yuriydovzik won by checkmate"]

1. e4 c6 2. Nf3 d5 3. d3 g6 4. e5 Bg4 5. h3 Bxf3 6. Qxf3 Bg7 7. d4 e6 8. c3 c5 9. Be2 Nc6 10. Be3 Nge7 11. g4 Qb6 12. O-O cxd4 13. cxd4 Qxb2 14.
Nd2 Nxd4 15. Bxd4 Qxd4 16. Bb5+ Nc6 17. Nb3 Qxe5 18. Nc5 O-O 19. Nxb7 Nd4 20. Qd3 Nxb5 21. Qxb5 Rab8 22. Qa6 Qc3 23. Kg2 Qb4 24. Rab1 Qe4+ 25.
Kg1 Bd4 26. Rb3 Qf4 27. Qc6 Rfc8 28. Qd7 Rc7 29. Qb5 Rcxb7 30. Qxb7 Rxb7 31. Rxb7 Qg3+ 32. Kh1 Qxh3+ 33. Kg1 Qg3+ 34. Kh1 Bxf2 35. Rc1 Qh3# 0-1

[Event "Late-Titled-Tuesday-Blitz-February-06-2024"]
[Site "Chess.com"]
[Date "2024.02.06"]
[Round "7"]
[White "Kosak12"]
[Black "platy3"]
[Result "1-0"]
[WhiteElo "2836"]
[BlackElo "2935"]
[TimeControl "180+1"]
[EndTime "15:17:33 PST"]
[Termination "Kosak12 won by checkmate"]

1. e4 c5 2. Nf3 e6 3. d4 cxd4 4. Nxd4 Nc6 5. Nc3 Qc7 6. Be3 a6 7. Qf3 Ne5 8. Qg3 h5 9. h4 Nf6 10. Be2 b5 11. Bf4 d6 12. a3 Bb7 13. O-O-O Be7 14.
Rhe1 O-O 15. Bh6 Neg4 16. Bg5 Rfd8 17. Kb1 Rac8 18. f3 Ne5 19. f4 Neg4 20. f5 e5 21. Nb3 Nxe4 22. Nxe4 Bxe4 23. Bxg4 Bxc2+ 24. Ka1 hxg4 25. Rc1 Qd7 26. Bxe7 Qxe7 27. Nd4 Be4 28. Rxc8 Rxc8 29. Rxe4 Rc1+ 30. Ka2 Qb7 31. Rxg4 exd4 32. Rxg7+ Kf8 33. Rg8+ Ke7 34. Qg5+ Kd7 35. Qxc1 d3 36. Ka1 b4 37. Qe3 Qd5 38. Qe8+ Kc7 39. Qb8+ Kd7 40. Qc8+ Ke7 41. Qd8# 1-0

[Event "Late-Titled-Tuesday-Blitz-February-06-2024"]
[Site "Chess.com"]
[Date "2024.02.06"]
[Round "7"]
[White "Baronessa08"]
[Black "wild3000"]
[Result "1-0"]
[WhiteElo "2530"]
[BlackElo "2357"]
[TimeControl "180+1"]
[EndTime "15:17:33 PST"]
[Termination "Baronessa08 won on time"]

1. d4 Nf6 2. c4 e6 3. Nc3 Bb4 4. e3 O-O 5. Bd3 c5 6. a3 Bxc3+ 7. bxc3 d5 8. cxd5 exd5 9. Ne2 Nc6 10. O-O Re8 11. Ng3 Qc7 12. Ra2 c4 13. Bb1 b5 14.
f3 a5 15. e4 Be6 16. e5 Nxe5 17. dxe5 Qxe5 18. f4 Qxc3 19. f5 Bd7 20. Rd2 b4 21. axb4 axb4 22. Kh1 b3 23. Bb2 Qe3 24. Bxf6 gxf6 25.
Nh5 Ra6 26. Rxd5 Bc8 27. Rd8 Kf8 28. Rxe8+ Qxe8 29. Qg4 Qc6 30. Re1 Be6 31. fxe6 fxe6 32. Bxh7 c3 33. Qg7+ Ke8 34. Nxf6+ Kd8 35. Be4 1-0

[Event "Late-Titled-Tuesday-Blitz-February-06-2024"]
[Site "Chess.com"]
[Date "2024.02.06"]
[Round "7"]
[White "GMBenjaminBok"]
[Black "Hikaru"]
[Result "0-1"]
[WhiteElo "3005"]
[BlackElo "3335"]
[TimeControl "180+1"]
[EndTime "15:17:34 PST"]
[Termination "Hikaru won on time"]

1. d4 Nf6 2. c4 b6 3. Nc3 Bb7 4. Qc2 d5 5. cxd5 Nxd5 6. e4 Nxc3 7. bxc3 e6 8. Nf3 Nd7 9. Bd3 Be7 10. O-O O-O 11.
Rd1 Qc8 12. Bf4 c5 13. Qe2 Rd8 14. d5 exd5 15. exd5 Bf6 16. Rac1 Bxd5 17. Bxh7+ Kxh7 18. Rxd5 Nf8 19. Rcd1 Rxd5 20. Rxd5 Qe6 21. Qd3+ Kg8 22. c4 Re8 23. Be5 Be7 24. h3 Ng6 25. Bg3 Bf6 26. Rd7 Qe4 27. Qxe4 Rxe4 28. Rxa7 Rxc4 29. Rb7 Rb4 30. Bc7 b5 31. Bd6 Rb1+ 32. Kh2 c4 33. g4 c3 34. Rc7 b4 35. g5 Be7 36. Bxe7 Nxe7 37. Ne5 f6 38. gxf6 gxf6 39. Ng4 Nd5 40. Rc5 Kf7 41. Kg3 Ke6 42. Kf3 Kd6 43. Rc8 Kd7 44.
Rc5 Kd6 45. Rc8 Rh1 46. Kg3 f5 47. Nh6 Nc7 48. Nxf5+ Kd7 0-1

[Event "Late-Titled-Tuesday-Blitz-February-06-2024"]
[Site "Chess.com"]
[Date "2024.02.06"]
[Round "7"]
[White "AmanteDeMoi"]
[Black "Szparu"]
[Result "0-1"]
[WhiteElo "2590"]
[BlackElo "2806"]
[TimeControl "180+1"]
[EndTime "15:17:34 PST"]
[Termination "Szparu won on time"]

1. Nf3 d5 2. e3 c5 3. b3 Nf6 4. Bb2 g6 5. c4 dxc4 6. bxc4 Bg7 7. Be2 O-O 8. O-O Nc6 9. d3 Qc7 10. Nbd2 b6 11. Qc2 Bb7 12. Rad1 Rad8 13. Qb1 Qb8 14. Qa1 Qa8 15. Ne4 Nh5 16. Bxg7 Nxg7 17. d4 Nxd4 18. exd4 Bxe4 19. d5 Bxf3 20. Bxf3 Qb8 21. Rfe1 Nf5 22.
Bg4 Nd6 23. Rxe7 Nxc4 24. Qf6 Nd6 25. Rde1 Ne8 26. Qg5 Qd6 27. Be6 Ng7 28. Qf6 Qxe7 29. Qxe7 fxe6 30. dxe6 Rde8 31. Qd7 a5 32. g3 Rf6 33. e7 Rf7 34. Qc6 Rfxe7 35. Rxe7 Rxe7 36. Qxb6 Ne6 37. Qxa5 Rc7 38. Qa8+ Kf7 39. Qd5 c4 40. Qf3+ Ke7 41. Qc3 Kd6 42. a4 Kd5 43. a5 Nd4 44.
Kf1 Rc6 45. f3 Nb5 46. Qd2+ Nd4 47. Kf2 c3 48. Qc1 c2 49. Ke3 Nb3 0-1

[Event "Late-Titled-Tuesday-Blitz-February-06-2024"]
[Site "Chess.com"]
[Date "2024.02.06"]
[Round "7"]
[White "The_Straightforward_Rook"]
[Black "Ducke13"]
[Result "1/2-1/2"]
[WhiteElo "2416"]
[BlackElo "2300"]
[TimeControl "180+1"]
[EndTime "15:17:34 PST"]
[Termination "Game drawn by stalemate"]

1. Nf3 Nf6 2. c4 g6 3. d4 Bg7 4. e3 O-O 5. Be2 d5 6. cxd5 Nxd5 7. e4 Nb6 8. a4 a5 9. O-O Nc6 10. Be3 f5 11. exf5 gxf5 12. g3 Kh8 13. Nc3 Be6 14. Bb5 Nd5 15. Re1 f4 16. Nxd5 Bxd5 17. Bxf4 Qd7 18.
Ne5 Qh3 19. Bf1 Qf5 20. Nxc6 bxc6 21. Rxe7 Bf6 22. Rxc7 Qxf4 23. gxf4 Rg8+ 24. Bg2 Bxg2 25. Rxh7+ Kxh7 26. Qh5+ Kg7 27. Kxg2 Bxd4 28. Kf3 Bf6 29. Rg1+ Kf8 30. Qc5+ Be7 31. Rxg8+ Kxg8 32. Qxe7 Rf8 33. Qe6+ Kg7 34. Qxc6 Rf7 35. Qc3+ Kg8 36. Qxa5 Kg7 37. Qg5+ Kh7 38. a5 Kh8 39. Qh5+ Kg7 40. Qxf7+ Kh8 41.
a6 1/2-1/2

[Event "Late-Titled-Tuesday-Blitz-February-06-2024"]
[Site "Chess.com"]
[Date "2024.02.06"]
[Round "7"]
[White "matagordo"]
[Black "BozeKat"]
[Result "1-0"]
[WhiteElo "2230"]
[BlackElo "1999"]
[TimeControl "180+1"]
[EndTime "15:17:35 PST"]
[Termination "matagordo won on time"]

1. d4 d5 2. Bf4 Nf6 3. e3 c5 4. Nf3 Nc6 5. Nbd2 Qb6 6. dxc5 Qxb2 7. Rb1 Qa3 8. Bb5 Qxc5 9. O-O e6 10. c4 Be7 11.
Nb3 Qb6 12. Nbd4 Qc5 13. cxd5 Nxd5 14. Rc1 Qa3 15. Nxc6 Bd7 16. Nxe7 Bxb5 17. Nxd5 exd5 18. Re1 O-O 19. Qxd5 Bc6 20. Qh5 Qxa2 21. h3 a5 22. Ng5 h6 23. Nf3 Qe6 24. Nd4 Qe4 25. f3 Qg6 26. Qxg6 fxg6 27. Nxc6 bxc6 28. Rxc6 g5 29. Be5 Rfd8 30. Bd4 1-0

[Event "Late-Titled-Tuesday-Blitz-February-06-2024"]
[Site "Chess.com"]
[Date "2024.02.06"]
[Round "7"]
[White "GMKrikor"]
[Black "Zhigalko_Sergei"]
[Result "1-0"]
[WhiteElo "2847"]
[BlackElo "2939"]
[TimeControl "180+1"]
[EndTime "15:17:39 PST"]
[Termination "GMKrikor won on time"]

1. Nf3 d5 2. c4 d4 3. b4 Bg4 4. g3 e6 5. Ne5 Bf5 6. Bg2 Nd7 7. Qa4 c6 8. Nxd7 Qxd7 9. Bb2 Nf6 10. O-O Be7 11. d3 O-O 12. Nd2 e5 13. Qb3 a5 14. a3 Rfe8 15. c5 Be6 16. Nc4 Qc7 17. Qc2 axb4 18. axb4 Nd5 19. Qd2 h6 20. Rfb1 Rxa1 21.
Rxa1 b5 22. cxb6 Nxb6 23. Na5 Bd5 24. Rc1 Bxg2 25. Kxg2 c5 26. bxc5 Na4 27. Ba3 Bxc5 28.
Bxc5 Nxc5 29. Kg1 Qb6 30. Nc4 Qe6 31. Qb4 Nd7 32. Nd6 1-0

[Event "Late-Titled-Tuesday-Blitz-February-06-2024"]
[Site "Chess.com"]
[Date "2024.02.06"]
[Round "7"]
[White "Fandorine"]
[Black "Malev212"]
[Result "1-0"]
[WhiteElo "2941"]
[BlackElo "2668"]
[TimeControl "180+1"]
[EndTime "15:17:39 PST"]
[Termination "Fandorine won by resignation"]

1. e4 c5 2. Ne2 d6 3. g3 h5 4. h3 e5 5. Bg2 Nc6 6. c3 h4 7.
g4 Nge7 8. d4 Ng6 9. d5 Na5 10.
Na3 b6 11. f4 exf4 12. Nxf4 Ne5 13. Nd3 c4 14. Nxe5 dxe5 15. Nxc4 Nxc4 16. Qa4+ Bd7 17.
Qxc4 b5 18. Qe2 Bc5 19. Be3 Qb6 20. Bxc5 Qxc5 21. Qf2 Qxf2+ 22. Kxf2 Ke7 23. Ke3 Rhc8 24.
Rhc1 a5 25. b3 f6 26. Bf1 Kd6 27. Be2 b4 28. Kd2 Rc5 29. a3 bxc3+ 30. Rxc3 Rxc3 31. Kxc3 Rc8+ 32. Bc4 g6 33. Rf1 f5 34. gxf5 gxf5 35.
exf5 a4 36. bxa4 Bxa4 37. f6 Bb5 38. f7 Bxc4 39. f8=Q+ Rxf8 40. Rxf8 Bxd5 41. Rh8 1-0

[Event "Late-Titled-Tuesday-Blitz-February-06-2024"]
[Site "Chess.com"]
[Date "2024.02.06"]
[Round "7"]
[White "Genghis_K"]
[Black "SpeedofLight0"]
[Result "0-1"]
[WhiteElo "2908"]
[BlackElo "3044"]
[TimeControl "180+1"]
[EndTime "15:17:40 PST"]
[Termination "SpeedofLight0 won by resignation"]

1. e4 Nc6 2. Nf3 d6 3. Bc4 Nf6 4.
Nc3 Bg4 5. h3 Bh5 6. g4 Bg6 7.
d3 e6 8. h4 h6 9. g5 hxg5 10.
Nxg5 d5 11. Bb5 dxe4 12. Bxc6+ bxc6 13. dxe4 Qxd1+ 14. Kxd1 O-O-O+ 15. Ke2 Bb4 16. f3 Nh5 17. Rg1 Nf6 18. Nxe6 fxe6 19. Rxg6 Rxh4 20. Rg2 Rh1 21. e5 Nh5 22. Rb1 Bxc3 23. bxc3 Rdd1 24. Rg5 g6 25. Rxg6 Rxc1 26. Rxc1 Rxc1 27. Kd2 Rf1 28. Rxe6 Rxf3 29. Rxc6 Rf5 30. e6 Re5 31. Ra6 Kb7 32. Ra4 Rxe6 33. Rh4 Ng3 34. Kc1 Ne2+ 35. Kd2 Ng3 36. Kd3 Rd6+ 37. Kc4 Nf5 38. Rf4 Ne3+ 39. Kb3 Rb6+ 40. Rb4 a5 41. Rxb6+ Kxb6 42. c4 Kc5 43. Ka4 Nxc4 44. c3 Kc6 45. a3 Kc5 46. Kb3 Kb5 47. a4+ Kc5 0-1

[Event "Late-Titled-Tuesday-Blitz-February-06-2024"]
[Site "Chess.com"]
[Date "2024.02.06"]
[Round "7"]
[White "JaackCamel"]
[Black "Schattman"]
[Result "0-1"]
[WhiteElo "2200"]
[BlackElo "2384"]
[TimeControl "180+1"]
[EndTime "15:17:40 PST"]
[Termination "Schattman won by resignation"]

1. d4 d5 2. c4 c6 3. cxd5 cxd5 4. Bf4 Nf6 5. e3 Nc6 6. Nc3 Bf5 7. Bd3 Bxd3 8.
Qxd3 e6 9. h3 Rc8 10. Nf3 Bb4 11. O-O Qa5 12. Rfc1 O-O 13. Ne5 Bxc3 14. bxc3 Nxe5 15.
Bxe5 Ne4 16. c4 Qa6 17. Qb1 Nd2 18. Qb5 Nxc4 19. Qxa6 bxa6 20. Bg3 Rc6 21. Rab1 Rb6 22. Rb3 Rc8 23. Rcb1 Kf8 24. a4 Rcc6 25. Kh2 Ke8 26. Bf4 Kd7 27. Kg3 f6 28. Rb4 a5 29. Rb5 a6 30.
Rxb6 Rxb6 31. Rxb6 Nxb6 32. Kf3 Nxa4 33. Ke2 Nc3+ 34.
Kd3 Ne4 35. f3 Nd6 36. Kc3 Nc4 37. e4 Kc6 38. Bc1 Kb5 39. exd5 exd5 40. h4 g6 41. Kb3 f5 42. g4 fxg4 43. fxg4 h5 44. gxh5 gxh5 45.
Bg5 a4+ 46. Kc3 a3 47. Bc1 a2 48. Bb2 Nxb2 0-1

[Event "Late-Titled-Tuesday-Blitz-February-06-2024"]
[Site "Chess.com"]
[Date "2024.02.06"]
[Round "7"]
[White "martinmena"]
[Black "FredddieCroderg"]
[Result "1-0"]
[WhiteElo "2176"]
[BlackElo "2357"]
[TimeControl "180+1"]
[EndTime "15:17:40 PST"]
[Termination "martinmena won on time"]

1. c4 e6 2. g3 d5 3. Bg2 Nf6 4. Nf3 dxc4 5. Qa4+ Nc6 6. Qxc4 a6 7. O-O Bd7 8. b3 b5 9. Qc2 Be7 10. a3 O-O 11. Bb2 Rc8 12. d3 Nb8 13. Ne5 c5 14. Nd2 Nc6 15. Nxd7 Qxd7 16. Nf3 Nd4 17. Nxd4 cxd4 18. Qd2 e5 19. Rfc1 Nd5 20. a4 b4 21.
Bxd5 Qxd5 22. Rc4 h5 23. Rac1 Rxc4 24. Rxc4 h4 25. gxh4 Rd8 26. Qe1 Rd6 27. h5 Rh6 28. f4 Rxh5 29. Qf2 Rh6 30. Qf3 Rg6+ 31. Kf1 Qe6 32.
f5 Qf6 33. fxg6 Qxg6 34. Rc8+ Bf8 35. Ke1 Qg5 36. Kd1 1-0

[Event "Late-Titled-Tuesday-Blitz-February-06-2024"]
[Site "Chess.com"]
[Date "2024.02.06"]
[Round "7"]
[White "Mazetovic"]
[Black "KaydenTroffChess"]
[Result "0-1"]
[WhiteElo "2615"]
[BlackElo "2850"]
[TimeControl "180+1"]
[EndTime "15:17:41 PST"]
[Termination "KaydenTroffChess won by resignation"]

1. e4 c5 2. Nf3 g6 3. c3 Bg7 4. d4 cxd4 5. cxd4 d5 6. e5 Nc6 7.
Bb5 Nh6 8. h3 O-O 9. O-O f6 10.
exf6 Rxf6 11. Bxc6 bxc6 12. Re1 Rb8 13. b3 c5 14. Bg5 Rf7 15. Nc3 Nf5 16. Ne5 cxd4 17.
Nxf7 Kxf7 18. Na4 Qd6 19. g4 h6 20. Bd2 Nh4 21. Rc1 e5 22. Nc5 e4 23. Nxe4 dxe4 24. Rxe4 Bb7 25. Bf4 Qd5 26. f3 Rc8 27. Rxc8 Bxc8 28.
Bg3 g5 29. Bxh4 gxh4 30. Qd3 Qd6 31. f4 Bb7 32. Re2 Qd5 33. Kf2 Bf8 34. Qh7+ Bg7 35. Qd3 Qg2+ 36. Ke1 Qg3+ 37. Kd2 Qxf4+ 38. Kc2 Bd5 39.
Kb2 Qf3 40. Qb5 d3+ 41. Ka3 dxe2 42. Qd7+ Kg8 43. Qe8+ Bf8+ 0-1

[Event "Late-Titled-Tuesday-Blitz-February-06-2024"]
[Site "Chess.com"]
[Date "2024.02.06"]
[Round "7"]
[White "subham777"]
[Black "lluiss"]
[Result "1-0"]
[WhiteElo "2521"]
[BlackElo "2169"]
[TimeControl "180+1"]
[EndTime "15:17:43 PST"]
[Termination "subham777 won on time"]

1. e4 e6 2. Nf3 d5 3. Nc3 Nf6 4. e5 Nfd7 5. d4 Be7 6. Bd3 b6 7. h4 Ba6 8. h5 h6 9. Rh3 c5 10. Rg3 cxd4 11. Bxa6 Nxa6 12. Qxd4 Nb4 13. Qd2 Rc8 14.
Rxg7 d4 15. Nxd4 Nxe5 16. Kf1 Bg5 17. f4 Nc4 18. Qf2 Bf6 19. Nxe6 fxe6 20. Rxa7 Nd5 21. Qg3 Qd6 22. Nxd5 exd5 23. Qg6+ Kd8 24. Qf5 Rf8 25. Qh7 Be7 26. Kg1 Na5 27. Be3 Nc6 28. Rb7 d4 29. Bf2 Na5 30. Ra7 Nc6 31. Ra6 Nb4 32.
Ra4 Nxc2 33. Rd1 b5 34. Raxd4 1-0

[Event "Late-Titled-Tuesday-Blitz-February-06-2024"]
[Site "Chess.com"]
[Date "2024.02.06"]
[Round "7"]
[White "KuzubovYuriy"]
[Black "djano"]
[Result "1-0"]
[WhiteElo "2897"]
[BlackElo "2634"]
[TimeControl "180+1"]
[EndTime "15:17:44 PST"]
[Termination "KuzubovYuriy won by resignation"]

1. d4 d5 2. c4 e6 3. Nf3 c5 4.
cxd5 exd5 5. g3 Nc6 6. Bg2 Nf6 7. O-O Be7 8. Nc3 c4 9. Ne5 O-O 10. Nxc6 bxc6 11. b3 cxb3 12. axb3 Re8 13. Bg5 h6 14. Bxf6 Bxf6 15. e3 a5 16. Qc2 Qd6 17. Rfc1 h5 18. Na4 Bb7 19. Bh3 Qb4 20. Nc5 Bc8 21. Bxc8 Rexc8 22. Qc3 Qb5 23. Ra4 Be7 24. Nd3 Bb4 25. Nxb4 axb4 26. Rxb4 Qe2 27. Qc2 Qf3 28. h4 Re8 29.
Qd1 Qf6 30. Ra4 Rab8 31. Ra6 Re6 32. Qxh5 g6 33. Qg5 Qf3 34. Ra3 Rbe8 35. Qf4 Qe2 36. Ra7 Rf8 37. Rc7 Qb5 38. Kg2 Qxb3 39. R7xc6 Rxc6 40. Rxc6 Qd3 41. h5 Kg7 42. h6+ Kh7 43. g4 Qe4+ 44.
Qxe4 dxe4 45. g5 f5 46. Rc7+ Kh8 47. Rg7 f4 48. Rxg6 f3+ 49. Kg3 1-0

[Event "Late-Titled-Tuesday-Blitz-February-06-2024"]
[Site "Chess.com"]
[Date "2024.02.06"]
[Round "7"]
[White "wanyaland"]
[Black "manitodeplomo"]
[Result "0-1"]
[WhiteElo "2481"]
[BlackElo "2623"]
[TimeControl "180+1"]
[EndTime "15:17:45 PST"]
[Termination "manitodeplomo won by resignation"]

1. d4 g6 2. c4 Bg7 3. Nc3 Nf6 4. Rb1 O-O 5. b4 a5 6. b5 b6 7. Nf3 Bb7 8. d5 e6 9. e4 exd5 10. exd5 Re8+ 11. Be2 c6 12. bxc6 dxc6 13. d6 Nbd7 14. Na4 Re6 15. c5 b5 16. Nc3 Nxc5 17. Bf4 Nh5 18. Bd2 Rxd6 19. Qc2 Nd3+ 20. Bxd3 Rxd3 21. Ne4 Qd5 22. Nc5 Re8+ 23. Kf1 Rxf3 24. Nxb7 Ra3 25. Be3 Rxa2 26. Qc1 Qd3+ 27. Kg1 Rxe3 28. Nc5 Qf5 29. Qf1 Rxf2 30. Qxf2 Qxb1+ 31. Qf1 Re1 32. Kf2 Bd4+ 33. Kf3 Rxf1+ 0-1

[Event "Late-Titled-Tuesday-Blitz-February-06-2024"]
[Site "Chess.com"]
[Date "2024.02.06"]
[Round "7"]
[White "jinxy2009"]
[Black "morte-negra"]
[Result "1-0"]
[WhiteElo "2233"]
[BlackElo "2009"]
[TimeControl "180+1"]
[EndTime "15:17:45 PST"]
[Termination "jinxy2009 won by resignation"]

1. e4 c5 2. Nf3 d6 3. d4 cxd4 4. Nxd4 Nf6 5. Nc3 a6 6. Be3 e6 7. g4 b5 8. g5 Nfd7 9. h4 Bb7 10. f3 Nb6 11. Qd2 N8d7 12. O-O-O Rc8 13. Kb1 Be7 14. a3 Ne5 15. Qf2 Rxc3 16. bxc3 Nbc4 17. Bxc4 Nxc4 18.
Ka2 Qa5 19. Bc1 Qxc3 20. Rd3 Qa5 21. Nb3 Qc7 22. Rhd1 d5 23. exd5 Bxd5 24. Rxd5 exd5 25. Rxd5 O-O 26. h5 Bxa3 27. Bxa3 Nxa3 28. Kxa3 Qc4 29. Qc5 Qa4+ 30. Kb2 Qf4 31. Qe7 h6 32. Rd8 Rxd8 33. Qxd8+ Kh7 34. Qd3+ Kg8 35. g6 Qf6+ 36. Ka2 fxg6 37. hxg6 Kf8 38. Qe4 h5 39. Nd4 Qe7 40. Ne6+ Ke8 41. Qc6+ Qd7 42. Nxg7+ Ke7 43. Qxd7+ Kxd7 44. Nxh5 Ke6 45. g7 Kf7 46. f4 1-0

[Event "Late-Titled-Tuesday-Blitz-February-06-2024"]
[Site "Chess.com"]
[Date "2024.02.06"]
[Round "7"]
[White "Arystanner"]
[Black "Jospem"]
[Result "0-1"]
[WhiteElo "2860"]
[BlackElo "3042"]
[TimeControl "180+1"]
[EndTime "15:17:46 PST"]
[Termination "Jospem won by resignation"]

1. e4 e5 2. Nf3 Nc6 3. Bb5 a6 4. Ba4 Nf6 5. O-O Be7 6. d3 d6 7. c3 O-O 8. Re1 Re8 9. Bb3 Bf8 10. Bg5 h6 11. Bh4 g6 12. Nbd2 Bg7 13. Nc4 Be6 14.
Ne3 Qd7 15. c4 Nh7 16. Nd5 f5 17. exf5 gxf5 18. Rc1 Qf7 19. Qd2 Kh8 20. Nb4 Nxb4 21. Qxb4 c5 22. Qb6 Qd7 23. Qa5 Reb8 24. Qb6 Nf8 25. Bc2 Ng6 26. b4 cxb4 27. Qxb4 b6 28. Ba4 b5 29. cxb5 axb5 30. Bb3 Bxb3 31. Qxb3 Rc8 32.
Qd5 Nf4 33. Rxc8+ Rxc8 34. Qb3 Ng6 35. h3 f4 36. Qd5 Qc6 37. Qe6 d5 38. Qxc6 Rxc6 39.
Bd8 Rc3 40. Rb1 Rxd3 41. Rxb5 e4 42. Ne1 Rd1 43. Kf1 d4 44. Ke2 Ra1 0-1

[Event "Late-Titled-Tuesday-Blitz-February-06-2024"]
[Site "Chess.com"]
[Date "2024.02.06"]
[Round "7"]
[White "Resignify"]
[Black "Dinamo3"]
[Result "1/2-1/2"]
[WhiteElo "2330"]
[BlackElo "2501"]
[TimeControl "180+1"]
[EndTime "15:17:47 PST"]
[Termination "Game drawn - insufficient material"]

1. e4 c5 2. Nc3 a6 3. g3 b5 4. Bg2 Bb7 5. d3 e6 6. f4 b4 7. Nce2 d5 8. Nf3 dxe4 9. Ng5 Nf6 10. O-O Be7 11. Nxe4 Nxe4 12. dxe4 O-O 13. Be3 c4 14. c3 a5 15. Qxd8 Rxd8 16. Rfd1 Nd7 17. e5 Bxg2 18. Kxg2 Nc5 19. Bxc5 Bxc5 20. Kf3 Kf8 21.
Ke4 Ke7 22. Nd4 Rac8 23. Rd2 f5+ 24. exf6+ gxf6 25. Rad1 f5+ 26. Kf3 Bxd4 27. Rxd4 Rxd4 28. Rxd4 bxc3 29. bxc3 h5 30. h3 Kf6 31. g4 hxg4+ 32. hxg4 fxg4+ 33. Kxg4 Rc6 34. Kf3 e5 35. Rd5 exf4 36.
Rxa5 Rd6 37. Kxf4 Rd3 38. Ke4 Rxc3 39. Kd4 Rc2 40. a4 c3 41. Kd3 Rc1 42. Rc5 Ra1 43. Rc4 Ra3 44. Rxc3 Rxa4 45. Rc4 Rxc4 46. Kxc4 1/2-1/2

[Event "Late-Titled-Tuesday-Blitz-February-06-2024"]
[Site "Chess.com"]
[Date "2024.02.06"]
[Round "7"]
[White "malakismayil"]
[Black "Mackster23"]
[Result "0-1"]
[WhiteElo "2484"]
[BlackElo "2750"]
[TimeControl "180+1"]
[EndTime "15:17:48 PST"]
[Termination "Mackster23 won on time"]

1. e4 c5 2. Nf3 d6 3. Bb5+ Nd7 4.
O-O a6 5. Bxd7+ Bxd7 6. c3 Nf6 7. Re1 e6 8. d4 cxd4 9. Qxd4 Be7 10. Bg5 Bc6 11. Nbd2 h6 12. Bh4 O-O 13. Rad1 Qa5 14. a3 Rfd8 15. h3 Qh5 16. Qe3 b5 17. Bg3 Rac8 18.
Nd4 Bb7 19. f3 Nd7 20. N2b3 Nb6 21. Na5 Nc4 22. Nxc4 Rxc4 23. Ne2 d5 24. exd5 Bc5 25. Nd4 Qxd5 26. Bf2 Bb6 27. Kh1 Qh5 28. Qe2 Bc7 29. Nc2 Rxd1 30. Rxd1 Bc6 31. Qe1 Bxf3 32. Kg1 Rg4 33.
Bg3 Rxg3 0-1

[Event "Late-Titled-Tuesday-Blitz-February-06-2024"]
[Site "Chess.com"]
[Date "2024.02.06"]
[Round "7"]
[White "ChessSwole"]
[Black "koncheto"]
[Result "1-0"]
[WhiteElo "2667"]
[BlackElo "2502"]
[TimeControl "180+1"]
[EndTime "15:17:49 PST"]
[Termination "ChessSwole won by resignation"]

1. e4 d5 2. exd5 Qxd5 3. Nc3 Qa5 4. d4 c6 5. Nf3 Nf6 6. Bc4 Bf5 7. O-O e6 8. Bd2 Qc7 9. Re1 Bd6 10. h3 O-O 11. a4 a6 12. Bb3 Nbd7 13. a5 Rad8 14. Qe2 c5 15. Na4 Rfe8 16. Rad1 Be4 17. dxc5 Nxc5 18.
Nxc5 Bxc5 19. Bc3 Rxd1 20. Rxd1 Qf4 21. Ne1 Nd5 22. Bd4 Bxd4 23. Rxd4 f5 24. Nd3 Qg5 25. f3 Bxd3 26. Qxd3 Nf4 27. Qd2 Nxh3+ 28. Kh2 Qxd2 29. Rxd2 Nf4 30. Rd7 Rb8 31. g3 Ng6 32. Bxe6+ Kh8 33. Bxf5 Nf8 34. Rc7 b6 35. axb6 Rxb6 36. Rc8 Kg8 37. Bd3 g6 38. b3 Kg7 39. Ra8 Nd7 40. Rxa6 Rb8 41. Ra7 Rb7 42. Rxb7 1-0

[Event "Late-Titled-Tuesday-Blitz-February-06-2024"]
[Site "Chess.com"]
[Date "2024.02.06"]
[Round "7"]
[White "Quattroporte300"]
[Black "Nf3c5"]
[Result "1/2-1/2"]
[WhiteElo "2392"]
[BlackElo "2560"]
[TimeControl "180+1"]
[EndTime "15:17:50 PST"]
[Termination "Game drawn by repetition"]

1. e4 c5 2. Nc3 e6 3. g3 Nc6 4. Bg2 Nf6 5. Nge2 d5 6. exd5 exd5 7. d4 cxd4 8. Nxd4 Bc5 9. Qe2+ Kf8 10. Nb3 Bb4 11.
O-O d4 12. a3 Be7 13. Ne4 Bg4 14. f3 Be6 15. Nbc5 Bd5 16. Bf4 b6 17. Nd3 h6 18.
Rfe1 Rc8 19. Rad1 g5 20. Nxf6 Bxf6 21. Be5 Nxe5 22. Nxe5 Qc7 23. Rxd4 Be6 24. c3 Kg7 25. Rdd1 Rhd8 26. Ng4 Qc5+ 27. Qf2 Qxf2+ 28. Nxf2 Bb3 29. Rd3 Bc2 30. Rxd8 Rxd8 31. Ne4 Bxe4 32. fxe4 Rd2 33. e5 Be7 34. b4 Ra2 35. Bd5 Rxa3 36. Re3 Bxb4 37.
Rf3 Bc5+ 38. Kf1 Ra1+ 39. Ke2 Rh1 40. Rxf7+ Kg6 41. Rf6+ Kg7 42. Rf7+ Kg6 43. Rf6+ Kg7 44. Rf7+ 1/2-1/2

[Event "Late-Titled-Tuesday-Blitz-February-06-2024"]
[Site "Chess.com"]
[Date "2024.02.06"]
[Round "7"]
[White "picturesquecheck"]
[Black "ChEsper99"]
[Result "0-1"]
[WhiteElo "2382"]
[BlackElo "2252"]
[TimeControl "180+1"]
[EndTime "15:17:50 PST"]
[Termination "ChEsper99 won by resignation"]

1. Nf3 c5 2. e4 d6 3. d4 cxd4 4. Nxd4 Nf6 5. Nc3 a6 6. Rg1 e5 7.
Nb3 Be6 8. g4 d5 9. exd5 Nxd5 10.
Nxd5 Qxd5 11. Qxd5 Bxd5 12. Be3 Nc6 13. c3 O-O-O 14.
Nd2 Be7 15. a4 g6 16. Nc4 Kb8 17. Nb6 Be6 18. g5 f6 19. gxf6 Bxf6 20. Bc4 Bxc4 21. Nxc4 e4 22. Ke2 Ne5 23. Nxe5 Bxe5 24. h3 Rhe8 25. Rad1 Rxd1 26. Rxd1 Kc7 27. Rd5 Kc6 28. Rc5+ Kd6 29. Rc4 Bg7 30. Rb4 Re7 31. Rb6+ Ke5 32.
Bc5 Rd7 33. b4 Kf5 34. c4 Bc3 35. Rd6 Rxd6 36. Bxd6 Bd4 37. b5 axb5 38. cxb5 g5 39. a5 h5 40. a6 bxa6 41. bxa6 Ba7 42. Bc7 g4 43. hxg4+ Kxg4 44. Be5 h4 45. Kf1 Kf3 46. Bf6 h3 47. Be5 Bxf2 48. Bb8 e3 0-1

[Event "Late-Titled-Tuesday-Blitz-February-06-2024"]
[Site "Chess.com"]
[Date "2024.02.06"]
[Round "7"]
[White "Andrei_Skvortsov"]
[Black "TimGrutter03"]
[Result "0-1"]
[WhiteElo "2677"]
[BlackElo "2613"]
[TimeControl "180+1"]
[EndTime "15:17:51 PST"]
[Termination "TimGrutter03 won by resignation"]

1. e4 c6 2. d4 d5 3. e5 c5 4. c3 Nc6 5. dxc5 Nxe5 6. Bb5+ Nc6 7. Nf3 e6 8. b4 Bd7 9. a4 Nf6 10. O-O Be7 11. Re1 O-O 12. Bf1 Qc7 13. Nbd2 a5 14. b5 Nb8 15. Nb3 Ne4 16. c4 Bf6 17. cxd5 exd5 18. Qxd5 Bxa1 19. Nxa1 Nf6 20. Qc4 Be6 21.
Qc2 Nbd7 22. Ba3 Rfc8 23. Rc1 Ne5 24. Nd4 Nfg4 25. f4 Ne3 26. Nxe6 fxe6 27. Qe4 Nxf1 28. fxe5 Nd2 29. Qe3 Rd8 30. Rc2 Qd7 31. Bc1 Nb3 32. Qxb3 Qd1+ 33. Kf2 Rd3 34. Qc4 Rf8+ 35. Bf4 Rd4 36.
Qe2 Rdxf4+ 37. Kg3 Qxa1 38. c6 Qa3+ 0-1

[Event "Late-Titled-Tuesday-Blitz-February-06-2024"]
[Site "Chess.com"]
[Date "2024.02.06"]
[Round "7"]
[White "bazar-wokzal"]
[Black "LionTheLeon_06"]
[Result "0-1"]
[WhiteElo "2632"]
[BlackElo "2881"]
[TimeControl "180+1"]
[EndTime "15:17:52 PST"]
[Termination "LionTheLeon_06 won on time"]

1. e4 c6 2. d4 d5 3. f3 e6 4.
Nc3 Bb4 5. Bf4 Ne7 6. Qd2 Nd7 7.
h4 dxe4 8. fxe4 e5 9. dxe5 Ng6 10.
e6 fxe6 11. Bd6 Bxd6 12. Qxd6 Qe7 13. Qg3 e5 14. Nf3 Nf6 15. h5 Nf4 16. h6 gxh6 17. O-O-O Rg8 18. Qe1 h5 19. g3 Bg4 20. Qe3 Ng6 21. Bc4 Rf8 22. Rd2 Nd7 23. Ng5 Nb6 24.
Bb3 Rd8 25. a4 Rxd2 26. Qxd2 Nd7 27. Qe3 Qc5 28. Qxc5 Nxc5 29. Nxh7 Rf2 30. Bc4 Ke7 31. b4 Ne6 32. b5 Nd4 33. Bd3 Rf3 34. Ng5 Rxg3 35.
bxc6 bxc6 36. Rf1 Nf4 37. Bc4 h4 38. Rh1 h3 39. Bf1 Kf6 40. Nxh3 Bxh3 41. Bxh3 Rxh3 0-1